 Dungeon Crawl Stone Soup version 0.31-a0-267-g3fc6992b3b (webtiles) character file.

Game seed: 8393100613886546289

159 qw the Shooter (level 5, -2/31 HPs)
             Began as a Gargoyle Hexslinger on July 13, 2023.
             Slain by an orc
             ... wielding a +0 war axe
              (5 damage)
             ... on level 4 of the Dungeon.
             The game lasted 00:01:06 (2550 turns).

qw the Shooter (Gargoyle Hexslinger)                Turns: 2550, Time: 00:01:06

Health: -2/31      AC:  8    Str: 12    XL:     5   Next: 40%
Magic:  6/6        EV: 11    Int: 13    God:
Gold:   131        SH:  0    Dex: 14    Spells: 5/6 levels left

rFire   . . .        Y - +2 sling
rCold   . . .        (no shield)
rNeg    + . .        f - +0 leather armour
rPois   inf          d - +0 helmet
rElec   +            (no cloak)
rCorr   .            (no gloves)
SInv    .            (no boots)
Will    .....        (no amulet)
Stlth   +            (no ring)
HPRegen 0.25/turn    (no ring)
MPRegen 0.10/turn

%: no passive effects
@: confused, about to teleport
A: sickness immunity, AC +4, negative energy resistance 1, electricity
resistance, torment resistance 1, petrification resistance
a: no special abilities


You were on level 4 of the Dungeon.
You visited 1 branch of the dungeon, and saw 4 of its levels.

You collected 131 gold pieces.


Innate Abilities, Weirdness & Mutations

You are immune to sickness and miasma.
Your stone body is resilient. (AC +4)
You are immune to poison.
You resist negative energy. (rN+)
You are resistant to electric shocks. (rElec)
You are resistant to unholy torment.
You are immune to petrification.


   Skills:
 + Level 2.5 Fighting
 - Level 5.0 Ranged Weapons
 - Level 1.5 Dodging
 - Level 1.0 Spellcasting
 - Level 2.6 Hexes


You had 5 spell levels left.
You knew the following spells:

 Your Spells              Type           Power      Damage    Failure   Level
a - Slow                  Hex            28%        N/A       12%         1

Your spell library contained the following spells:

 Spells                   Type           Power      Damage    Failure   Level
 Inner Flame              Hex/Fire       4%         N/A       52%         3
 Portal Projectile        Hex/Tloc       8%         N/A       52%         3
 Cause Fear               Hex            3%         N/A       75%         4

Inventory:

Hand Weapons
 Y - a +2 sling (weapon)
Armour
 d - a +0 helmet (worn)
 f - a +0 leather armour (worn)
 h - a +0 ring mail
Jewellery
 g - a ring of ice
Scrolls
 a - a scroll of identify
 b - a scroll of fog {unknown}
Potions
 c - a potion of resistance {unknown}
 i - a potion of mutation
 j - a potion of degeneration {unknown}

Dungeon Overview and Level Annotations

Branches:
Dungeon (4/15)
 Temple: D:4-7

Altars:
Kikubaaqudgha


Message History

An orc comes into view.
It is wielding a +0 war axe and wearing a +0 ring mail of fire resistance.
The orc hits you but does no damage.
You shoot a sling bullet. The sling bullet hits the orc!
You kill the orc!
The orc barely misses you. The orc closely misses you.
You shoot a sling bullet. The sling bullet hits the orc.
The orc is severely wounded.
The orc hits you but does no damage.
You shoot a sling bullet.
The sling bullet closely misses the orc.
The orc barely misses you. The orc hits you but does no damage.
You shoot a sling bullet. The sling bullet hits the orc.
You kill the orc!
You hear some strange, mumbled words.
A magic dart appears from out of thin air!
The magic dart hits you. The orc closely misses you.
You shoot a sling bullet. The sling bullet barely misses the orc.
You hear some strange, mumbled words.
Something tries to affect you, but you resist.
The orc barely misses you.
You shoot a sling bullet. The sling bullet barely misses the orc.
You hear some strange, mumbled words.
A puff of flame appears from out of thin air!
The puff of flame hits you.
An orc comes into view. It is wielding a +0 dagger.
The orc hits you but does no damage.
A dart slug comes into view.
The orc closely misses you.
2548 ||| READING scroll of teleportation.
As you read the scroll of teleportation, it crumbles to dust.
You feel strangely unstable. The orc hits you but does no damage. x2
You shoot a sling bullet.
The sling bullet closely misses the orc.
The orc hits you with a +0 war axe. The orc completely misses you.
You hear some strange, mumbled words.
You are confused.
Something hits you but does no damage. The orc barely misses you.
The orc hits you with a +0 war axe.
You die...

.#..### #.#......
#...#.#. . ##
############......... .#
#..............#.#.#
.###.....#............ .
..##.....###......#.#w..
.....).........o#)......
..##.....##...#.@o#
..##........#####)......
...#......... .#.#.#.
##.#......### .o .. #
.#......# .#. .#
..##...## .... .. #.
.### .# #. . .. ..


You could see a dart slug and 3 orcs.

Vanquished Creatures
  A sleepcap (D:4)
  4 adders
  2 worms
  3 dart slugs
  5 orcs (D:4)
  4 bats
  7 endoplasms
  4 giant cockroaches
  4 goblins
  5 hobgoblins
  6 jackals
  5 kobolds
  6 quokkas
  9 ball pythons
  3 frilled lizards
  7 rats
75 creatures vanquished.

Notes
Turn   | Place    | Note
-------+----------+-------------------------------------------
     0 | D:1      | qw the Gargoyle Hexslinger began the quest for the Orb.
     0 | D:1      | Reached XP level 1. HP: 12/12 MP: 2/2
     0 | D:1      | 0 ||| qw: Version: 0.3-a-52-g30416fa
     0 | D:1      | 0 ||| qw: Game counter: 7766
     0 | D:1      | 0 ||| qw: Melee chars always use a shield: true
     0 | D:1      | 0 ||| qw: God list: Okawaru
     0 | D:1      | 0 ||| qw: Allow faded altars: false
     0 | D:1      | 0 ||| qw: Do Orc after clearing Dungeon:15 true
     0 | D:1      | 0 ||| qw: Do second Lair branch before Depths: true
     0 | D:1      | 0 ||| qw: Lair rune preference: random
     0 | D:1      | 0 ||| qw: Goals: Normal
     0 | D:1      | 0 ||| PLANNING D:1-11
    78 | D:1      | Reached XP level 2. HP: 16/16 MP: 3/3
   172 | D:1      | Reached skill level 3 in Ranged Weapons
   200 | D:1      | 200 ||| FLEEEEING.
   207 | D:1      | 207 ||| FLEEEEING.
   240 | D:1      | 240 ||| FLEEEEING.
   270 | D:1      | Reached XP level 3. HP: 21/21 MP: 4/4
   660 | D:1      | 660 ||| READING scroll labelled AJUMIE MAOCE.
   661 | D:1      | 661 ||| READING scroll labelled HAGHOYHICW.
   662 | D:1      | 662 ||| READING scroll labelled LUW BUXAYFACS.
   663 | D:1      | 663 ||| READING scroll labelled YMAOCA FEGURR.
   668 | D:1      | 668 ||| DROPPING scroll of poison.
   699 | D:2      | Found an ancient bone altar of Kikubaaqudgha.
   954 | D:2      | Reached XP level 4. HP: 26/26 MP: 5/5
  1288 | D:2      | Reached skill level 4 in Ranged Weapons
  1549 | D:2      | 1549 ||| DRINKING 2 amethyst potions.
  1550 | D:2      | 1550 ||| DROPPING potion of brilliance.
  1594 | D:3      | Found a faded altar of an unknown god.
  1844 | D:3      | 1844 ||| FLEEEEING.
  1846 | D:3      | 1846 ||| FLEEEEING.
  1848 | D:3      | 1848 ||| FLEEEEING.
  1849 | D:3      | 1849 ||| FLEEEEING.
  1850 | D:3      | 1850 ||| FLEEEEING.
  1854 | D:3      | 1854 ||| FLEEEEING.
  1855 | D:3      | 1855 ||| FLEEEEING.
  2387 | D:3      | 2387 ||| UPGRADING to +0 helmet.
  2392 | D:3      | 2392 ||| UPGRADING to +0 leather armour.
  2402 | D:3      | 2402 ||| DROPPING +0 robe.
  2403 | D:3      | 2403 ||| READING scroll labelled MERIOCWINN.
  2404 | D:3      | 2404 ||| READING 2 scrolls of identify.
  2404 | D:3      | 2404 ||| IDENTIFYING viscous red potion
  2477 | D:4      | Reached skill level 5 in Ranged Weapons
  2477 | D:4      | Reached XP level 5. HP: 30/30 MP: 6/6
  2547 | D:4      | HP: 6/31 [something/puff of flame (4)]
  2548 | D:4      | 2548 ||| READING scroll of teleportation.
  2549 | D:4      | HP: 2/31 [orc/+0 war axe (4)]
  2550 | D:4      | Slain by an orc

Levels and vault maps discovered:
D:1:      mrwooster_arrival_statue_2, layout_loops_ring, serial_park_tiny_1
D:2:      layout_loops_corners, basic_altar
D:3:      layout_basic, hellmonk_ecumenical_altar_lost_god
D:4:      layout_rooms, grunt_ashenzari_visionary
          [grunt_ashenzari_visionary_shoals, grunt_ashenzari_visionary_snake],
          serial_bayou_pond_d, hex_intersection, hangedman_decor_riveting

Skill      XL: |  1  2  3  4 |
---------------+-------------+-----
Ranged Weapons | 3 5 |  5.0
Fighting       | 2 |  2.5
Dodging        | |  1.5
Spellcasting   | |  1.0
Hexes          | |  2.6

Action                     |  1- 3 |  4- 6 || total
---------------------------+-------+-------++-------
   Fire: Sling             |   141 |   125 ||   266
    Use: Scroll            |     4 |     3 ||     7
         Potion            |       |     1 ||     1
 Armour: Robe              |    29 |    10 ||    39
         Leather armour    |       |    27 ||    27
  Dodge: Dodged            |    58 |    55 ||   113

Table legend:
 A = Non-vault XP
 B = Vault XP
 C = Vault XP percentage of total XP
 D = Non-vault monster count
 E = Vault monster count
 F = Vault count percentage of total count
                 A         B        C        D         E       F
            +---------+---------+-------+---------+---------+-------
      Total |     228 |       0 |   0.0 |      75 |       0 |   0.0
            +---------+---------+-------+---------+---------+-------
        D:1 |      59 |       0 |   0.0 |      33 |       0 |   0.0
        D:2 |      42 |       0 |   0.0 |      21 |       0 |   0.0
        D:3 |      56 |       0 |   0.0 |      12 |       0 |   0.0
        D:4 |      71 |       0 |   0.0 |       9 |       0 |   0.0
            +---------+---------+-------+---------+---------+-------
